 Dungeon Crawl Stone Soup version 0.26-a0-113-gd8a95b691d (webtiles) character file.

Game seed: 3025973166568945011

6948 mrtonic the Destroyer (level 11, -5/60 HPs)
             Began as a Gargoyle Earth Elementalist on June 25, 2020.
             Was a Priest of Vehumet.
             Slain by a two-headed ogre
             ... wielding a +0 dire flail
              (13 damage)
             ... on level 9 of the Dungeon.
             The game lasted 01:22:04 (9439 turns).

mrtonic the Destroyer (Gargoyle Earth Elementalist) Turns: 9439, Time: 01:22:05

Health: -5/60      AC: 20    Str: 11    XL:     11   Next: 7%
Magic:  21/23      EV:  6    Int: 18    God:    Vehumet [***...]
Gold:   454        SH:  0    Dex: 13    Spells: 14/26 levels left

rFire    . . .     SeeInvis .   t - +4 spear (vorpal)
rCold    + + .     Faith    .   (no shield)
rNeg     + + .     Spirit   .   J - +0 chain mail {MR+}
rPois    ∞         Reflect  .   A - +0 helmet
rElec    +         Harm     .   (no cloak)
rCorr    .                      o - +0 pair of gloves
MR       +....                  (no boots)
Stlth    ..........             e - amulet of regeneration
HPRegen  0.60/turn              j - ring of flight
MPRegen  0.18/turn              c - ring "Igos" {rPois rC+ rN+ Int-2 Dex+3}

@: very slightly contaminated
A: molten scales 1, cold resistance 1, negative energy resistance 1, screaming
1, electricity resistance, unbreathing, petrification resistance, rot immunity,
AC +8
a: Renounce Religion, Evoke Flight


You were on level 9 of the Dungeon.
You worshipped Vehumet.
Vehumet was most pleased with you.
You were not hungry.

You visited 2 branches of the dungeon, and saw 10 of its levels.

You collected 454 gold pieces.

Inventory:

Hand Weapons
 k - a +1 short sword of speed
 t - a +4 vorpal spear (weapon)
 B - a +2 dagger of venom
Missiles
 b - 97 stones (quivered)
 h - 6 datura-tipped darts
Armour
 o - a +0 pair of gloves (worn)
 s - a +1 robe
 A - a +0 helmet (worn)
 J - a +0 chain mail of magic resistance (worn)
Jewellery
 c - the ring "Igos" (right hand) {rPois rC+ rN+ Int-2 Dex+3}
   (You found it on level 4 of the Dungeon)

   [ring of positive energy]

   It affects your intelligence (-2).
   It affects your dexterity (+3).
   It protects you from cold.
   It protects you from poison.
   It protects you from negative energy.
 e - an amulet of regeneration (around neck)
 j - a ring of flight (left hand)
 p - an uncursed amulet of the acrobat
Wands
 y - a wand of iceblast (8)
 C - a wand of random effects (21)
 I - a wand of disintegration (12)
Scrolls
 a - a scroll of fear
 f - 8 scrolls of identify
 g - 2 scrolls of amnesia
 q - 5 scrolls of remove curse
 E - a scroll of magic mapping
 F - a scroll of enchant armour
Potions
 l - a potion of berserk rage {unknown}
 m - 5 potions of curing
 n - a potion of lignification {unknown}
 r - a potion of brilliance {unknown}
 u - a potion of degeneration {unknown}
 w - 2 potions of invisibility {unknown}
 x - 2 potions of mutation
 z - 3 potions of haste {unknown}
 D - a potion of might {unknown}
 G - a potion of stabbing {unknown}
 H - a potion of heal wounds {unknown}
Comestibles
 d - 22 rations
 i - 3 chunks of flesh


   Skills:
 - Level 3.0 Fighting
   Level 0.1(3.0) Axes
 + Level 4.9 Polearms
 - Level 4.4 Dodging
 - Level 2.5 Stealth
 * Level 8.3 Spellcasting
 - Level 8.5 Conjurations
   Level 0.7 Transmutations
 * Level 5.2 Fire Magic
 + Level 1.8 Ice Magic
 + Level 7.2 Earth Magic
 + Level 2.7 Evocations


You had 14 spell levels left.
You knew the following spells:

 Your Spells              Type           Power        Failure   Level  Hunger
a - Sandblast             Erth           ####..       9%          1    None
b - Stone Arrow           Conj/Erth      #####.       17%         3    #......
c - Foxfire               Conj/Fire      ####         10%         1    None
d - Dazzling Flash        Conj/Hex       ###...       58%         3    #......
e - Hailstorm             Conj/Ice       ####....     83%         4    ###....

Your spell library contained the following spells:

 Spells                   Type           Power        Failure   Level  Hunger
 Passwall                 Tmut/Erth      ###.....     87%         2    None
 Lee's Rapid Deconstruct  Erth           ####......   88%         5    #####..
 Petrify                  Tmut/Erth      ###.....     100%        4    ###....


Dungeon Overview and Level Annotations

Branches:
Dungeon (9/15)             Temple (1/1) D:4
   Lair: D:8-11         Orc: D:9-12

Altars:
Ashenzari
Cheibriados
Dithmenos
Elyvilon
Fedhas
Gozag
Hepliaklqana
Kikubaaqudgha
Makhleb
Nemelex Xobeh
Okawaru
Qazlal
Ru
Sif Muna
Trog
Uskayaw
Vehumet
Wu Jian
Xom
Yredelemnul
Zin
The Shining One

Shops:
D:7 [


Innate Abilities, Weirdness & Mutations

You are resistant to torment.
Your stone body is resilient. (AC +8)
You are immune to poison.
You resist negative energy. (rN+)
You are resistant to electric shocks. (rElec)
You can survive without breathing.
You are immune to petrification.
You are immune to rotting.
You are partially covered in molten scales. (AC +2)
Your flesh is cold resistant. (rC+)
You occasionally shout uncontrollably at your foes.


Message History

The two-headed ogre is heavily wounded.
The two-headed ogre hits you but does no damage. x2
You hit the two-headed ogre.
The two-headed ogre is severely wounded.
The two-headed ogre hits you with a +0 dire flail!
* * * LOW HITPOINT WARNING * * *
The two-headed ogre hits you with a +0 giant club.
* * * LOW HITPOINT WARNING * * *
You hit the two-headed ogre.
The two-headed ogre is severely wounded.
The two-headed ogre completely misses you.
The two-headed ogre hits you but does no damage.
You hit the two-headed ogre.
The two-headed ogre is almost dead.
Your chain mail prevents you from hitting the two-headed ogre.
The two-headed ogre is almost dead.
The two-headed ogre hits you with a +0 dire flail.
* * * LOW HITPOINT WARNING * * *
The two-headed ogre hits you with a +0 giant club!
You die...

...# #.....# ...# #.....#
...#######.....# ...............+
.........#.....# ..######.#.....+
..+ #.#.....# ..#
###.#.....##########
..##+#.........O@.......#########
........................'.......#
.....((.(..(............#######.#
........(..................####.#
....).##(####+#+#.#.............#
..................+.......>.....#
......##.####.#+#.#...........(..
......##.÷.....................##
.........#####........##########.


You could see a two-headed ogre.

Vanquished Creatures
  3 two-headed ogres
  Pikel (D:6)
  A queen bee (D:8)
  A water moccasin (D:8)
  2 slaves (D:6)
  2 sky beasts (D:6)
  2 black bears
  A necrophage (D:7)
  A phantom (D:4)
  A hornet zombie (D:8)
  An ice beast (D:5)
  An ogre (D:7)
  7 centaurs
  Blork the orc (D:4)
  A gnoll sergeant (D:6)
  5 bullfrogs
  2 scorpions
  14 killer bees (D:8)
  A howler monkey (D:6)
  2 electric eels (D:7)
  A bullfrog zombie (D:5)
  3 crimson imps
  2 quasits
  A jelly (D:7)
  7 hounds
  2 bullfrog skeletons
  3 orc priests
  12 orc wizards
  A gnoll shaman (D:8)
  2 iguanas
  9 worker ants
  A killer bee zombie (D:5)
  A worker ant zombie (D:6)
  8 adders
  12 gnolls
  A howler monkey skeleton (D:7)
  A shadow imp (D:7)
  An ooze (D:2)
  An adder skeleton (D:4)
  2 worms
  2 dart slugs
  4 leopard geckos
  35 orcs
  8 bats
  4 giant cockroaches
  3 hobgoblins
  30 jackals
  5 quokkas
  A ball python (D:9)
  5 frilled lizards
  A giant cockroach zombie (D:5)
  7 goblins
  A jackal skeleton (D:6)
  A jackal zombie (D:5)
  7 kobolds
  2 leopard gecko skeletons
  A leopard gecko zombie (D:5)
  2 quokka skeletons (D:4)
  9 rats
  A foxfire (D:7)
  A plant (D:4)
251 creatures vanquished.

Vanquished Creatures (others)
  A jackal (D:7)
  42 foxfires
43 creatures vanquished.

Grand Total: 294 creatures vanquished

Notes
Turn   | Place    | Note
-------+----------+-------------------------------------------
     0 | D:1      | mrtonic the Gargoyle Earth Elementalist began the quest for
                  | the Orb.
     0 | D:1      | Reached XP level 1. HP: 10/10 MP: 3/3
    72 | D:1      | Found an iron altar of Okawaru.
   162 | D:1      | Reached XP level 2. HP: 13/15 MP: 5/5
   662 | D:2      | Reached XP level 3. HP: 20/20 MP: 6/6
   675 | D:2      | Learned a level 3 spell: Stone Arrow
   752 | D:2      | Reached skill level 1 in Fighting
   998 | D:2      | Reached XP level 4. HP: 25/25 MP: 7/7
  1009 | D:2      | Reached skill level 1 in Conjurations
  1194 | D:2      | Reached XP level 5. HP: 25/29 MP: 9/9
  1802 | D:3      | Found a radiant altar of Vehumet.
  1887 | D:3      | Found a shadowy altar of Dithmenos.
  2203 | D:3      | Found a glowing silver altar of Zin.
  2666 | D:3      | Became a worshipper of Vehumet
  2829 | D:4      | Reached skill level 5 in Earth Magic
  2829 | D:4      | Reached XP level 6. HP: 29/35 MP: 9/11
  2842 | D:4      | Found a shimmering blue altar of Sif Muna.
  2858 | D:4      | Found a staircase to the Ecumenical Temple.
  2877 | Temple   | Entered the Ecumenical Temple
  3128 | D:4      | Got a sparkling platinum ring
  3176 | D:4      | Identified the ring "Igos" {rPois rC+ rN+ Int-2 Dex+3} (You
                  | found it on level 4 of the Dungeon)
  3379 | D:4      | Noticed a phantom
  3410 | D:4      | Killed a phantom
  3410 | D:4      | Reached XP level 7. HP: 21/40 MP: 8/12
  3496 | D:4      | Found a bloodstained altar of Trog.
  3496 | D:4      | Found a white marble altar of Elyvilon.
  3497 | D:4      | Found an iron altar of Okawaru.
  3581 | D:4      | Reached * piety under Vehumet
  3581 | D:4      | Offered knowledge of Foxfire by Vehumet.
  3584 | D:4      | Learned a level 1 spell: Foxfire
  3611 | D:4      | Noticed Blork the orc
  3618 | D:4      | Killed Blork the orc
  3846 | D:4      | Reached skill level 1 in Polearms
  4256 | D:5      | Entered Level 5 of the Dungeon
  4328 | D:5      | Reached XP level 8. HP: 45/46 MP: 7/14
  5232 | D:5      | Reached skill level 5 in Spellcasting
  5232 | D:5      | Reached skill level 5 in Conjurations
  5382 | D:6      | Noticed Pikel
  5686 | D:6      | Killed Pikel
  5686 | D:6      | Reached XP level 9. HP: 47/50 MP: 10/18
  5691 | D:6      | Reached ** piety under Vehumet
  5691 | D:6      | Offered knowledge of Magic Dart by Vehumet.
  6581 | D:7      | Found Jiqoyg's Armour Shop.
  6642 | D:7      | Found a shadowy altar of Dithmenos.
  6687 | D:7      | Reached skill level 1 in Fire Magic
  7349 | D:7      | Gained mutation: You occasionally shout uncontrollably at
                  | your foes. [potion of mutation]
  7349 | D:7      | Gained mutation: You are partially covered in molten
                  | scales. (AC +2) [potion of mutation]
  7349 | D:7      | Gained mutation: Your flesh is cold resistant. (rC+)
                  | [potion of mutation]
  7355 | D:8      | Offered knowledge of Dazzling Flash by Vehumet.
  7363 | D:8      | Learned a level 3 spell: Dazzling Flash
  7408 | D:8      | Noticed a two-headed ogre
  7621 | D:8      | Killed a two-headed ogre
  7621 | D:8      | Reached skill level 1 in Evocations
  7621 | D:8      | Reached XP level 10. HP: 46/56 MP: 3/20
  7840 | D:8      | Reached *** piety under Vehumet
  8653 | D:9      | Noticed a two-headed ogre
  8657 | D:9      | Offered knowledge of Hailstorm by Vehumet.
  8682 | D:9      | Learned a level 4 spell: Hailstorm
  8716 | D:9      | HP: 1/56 [two-headed ogre/+0 giant spiked club (19)]
  8809 | D:8      | Killed a two-headed ogre
  8810 | D:8      | Reached skill level 1 in Ice Magic
  8937 | D:9      | Found a sacrificial altar of Ru.
  9108 | D:9      | Noticed a two-headed ogre
  9129 | D:9      | Killed a two-headed ogre
  9129 | D:9      | Reached skill level 5 in Fire Magic
  9129 | D:9      | Reached XP level 11. HP: 18/60 MP: 12/23
  9403 | D:9      | Noticed a two-headed ogre
  9439 | D:9      | Slain by a two-headed ogre

Illustrated notes

Levels and vault maps discovered:
D:1:      lemuel_arrival_tunnels, layout_loops_ring, minmay_misc_feat_columns,
          okawaru_ov_weapons_minmay
D:2:      layout_loops_ring
D:3:      layout_loops_corners, lemuel_round_altar,
          nicolae_overflow_crystal_walls, first_ration, corexii_shack,
          nrook_loot_triangle, chequers_jeans, lemuel_altar_in_water
D:4:      wad_river_or_something, layout_basic, kennysheep_mini,
          gammafunk_temple_overflow_forgotten, minmay_temple_entry_overgrown,
          uniq_blork_the_orc
D:5:      layout_cave_pods
D:6:      layout_basic, uniq_pikel
D:7:      layout_rooms, serial_shops, nicolae_shop_waterfront,
          kennysheep_decorative_pillar, nicolae_dithmenos_through_a_glass_darkly
D:8:      layout_basic, david_nohive_1
D:9:      layout_basic, nicolae_ru_great_annihilating_truth
Temple:   eino_wide_crystal_templ

Skill      XL: |  1  2  3  4  5  6  7  8  9 10 |
---------------+-------------------------------+-----
Earth Magic    | 4 5 6 7 |  7.2
Fighting       | 1 2 3 |  3.0
Dodging        | 2 3 4 |  4.4
Conjurations   | 1 2 3 4 6 8 |  8.5
Spellcasting   | 3 4 6 7 8 |  8.3
Polearms       | 1 3 4 |  4.9
Fire Magic     | 3 5 |  5.2
Evocations     | 1 2 |  2.7
Ice Magic      | 1 |  1.8
Axes           | |  0.1
Stealth        | |  2.5
Transmutations | |  0.7

Action                   |  1- 3 |  4- 6 |  7- 9 | 10-12 || total
-------------------------+-------+-------+-------+-------++-------
Melee: Hand axe          |    51 |       |       |       ||    51
       Dagger            |    73 |    20 |       |       ||    93
       Short sword       |       |    18 |       |       ||    18
       Spear             |       |   115 |   365 |   161 ||   641
 Cast: Sandblast         |     7 |    25 |    28 |    17 ||    77
       Stone Arrow       |       |     1 |    43 |    63 ||   107
       Foxfire           |       |       |    23 |       ||    23
       Dazzling Flash    |       |       |     1 |     9 ||    10
       Hailstorm         |       |       |       |     1 ||     1
 Abil: Evoke Flight      |       |     1 |       |       ||     1
  Use: Scroll            |       |     9 |     1 |     3 ||    13
       Potion            |       |     1 |     2 |       ||     3
 Stab: Sleeping          |     2 |     6 |     2 |     1 ||    11
       Invisible         |       |       |       |     1 ||     1
  Eat: Chunk             |     1 |     4 |    12 |     4 ||    21
       Ration            |       |     1 |     1 |     1 ||     3
Armor: Robe              |    24 |    62 |   187 |   120 ||   393
       Leather armour    |    29 |     7 |       |       ||    36
       Chain mail        |       |       |       |    27 ||    27
Dodge: Dodged            |    89 |   103 |   291 |   266 ||   749

Table legend:
 A = Non-vault XP
 B = Vault XP
 C = Vault XP percentage of total XP
 D = Non-vault monster count
 E = Vault monster count
 F = Vault count percentage of total count
                 A         B        C        D         E       F
            +---------+---------+-------+---------+---------+-------
      Total |    7671 |    2255 |  22.7 |     218 |      29 |  11.7
            +---------+---------+-------+---------+---------+-------
        D:1 |      31 |       0 |   0.0 |      16 |       0 |   0.0
        D:2 |     152 |       0 |   0.0 |      37 |       0 |   0.0
        D:3 |      54 |       2 |   3.6 |      12 |       1 |   7.7
        D:4 |     493 |     373 |  43.1 |      32 |       8 |  20.0
        D:5 |     555 |       0 |   0.0 |      32 |       0 |   0.0
        D:6 |    1052 |     651 |  38.2 |      25 |       1 |   3.8
        D:7 |     784 |       0 |   0.0 |      18 |       0 |   0.0
        D:8 |    2865 |    1183 |  29.2 |      24 |      15 |  38.5
        D:9 |    1685 |      46 |   2.7 |      22 |       4 |  15.4
            +---------+---------+-------+---------+---------+-------
